 Dungeon Crawl Stone Soup version 0.27.1-3-gb3d3a73c9e (webtiles) character file.

Game seed: 18241217611124524161

94 loralnil the Digger (level 4, -3/33 HPs)
             Began as a Draconian Earth Elementalist on Oct 25, 2021.
             Slain by Sigmund (10 damage)
             ... on level 2 of the Dungeon.
             The game lasted 00:03:06 (2546 turns).

loralnil the Digger (Draconian Earth Elementalist)  Turns: 2546, Time: 00:03:06

Health: -3/33      AC:  5    Str:  9 (10) XL:     4   Next: 38%
Magic:  7/8        EV: 12    Int: 14 (16) God:
Gold:   46         SH:  0    Dex: 11 (12) Spells: 2/8 levels left

rFire    . . .     SeeInvis .   c - +0 dagger
rCold    . . .     Faith    .   (no shield)
rNeg     . . .     Spirit   .   (armour unavailable)
rPois    .         Reflect  .   (helmet restricted)
rElec    .         Harm     .   (no cloak)
rCorr    .         Rampage  .   (no gloves)
Will     .....                  (no boots)
Stlth    +.........             (no amulet)
HPRegen  0.11/turn              (no ring)
MPRegen  0.11/turn              (no ring)

@: confused
A: AC +5, unfitting armour, cold-blooded
a: no special abilities


You were on level 2 of the Dungeon.
You visited 1 branch of the dungeon, and saw 2 of its levels.

You collected 46 gold pieces.

Inventory:

Hand Weapons
 c - a +0 dagger (weapon)
Missiles
 b - 55 stones
Scrolls
 d - 2 scrolls of enchant weapon {unknown}
 e - a scroll of fear {unknown}
 f - a scroll of fog {unknown}
 g - 2 scrolls of identify {unknown}
Potions
 h - a potion of curing {unknown}
 i - a potion of berserk rage {unknown}


   Skills:
 - Level 2.0 Dodging
 - Level 2.0 Stealth
 + Level 2.8 Spellcasting
 * Level 1.8 Conjurations
 - Level 1.3 Transmutations
 + Level 3.7 Earth Magic


You had 2 spell levels left.
You knew the following spells:

 Your Spells              Type           Power      Damage    Failure   Level
a - Sandblast             Erth           24%        2d8       4%          1
b - Passwall              Tmut/Erth      7%         N/A       12%         2
c - Stone Arrow           Conj/Erth      18%        3d8       21%         3

Your spell library contained the following spells:

 Spells                   Type           Power      Damage    Failure   Level
 Petrify                  Tmut/Erth      9%         N/A       58%         4


Dungeon Overview and Level Annotations

Branches:
Dungeon (2/15)

Altars:

Annotations:
D:2 Sigmund


Innate Abilities, Weirdness & Mutations

Your plain brown scales are hard. (AC +5)
You cannot fit into any form of body armour.
You are cold-blooded and may be slowed by cold attacks.


Message History

Press: ? - help, Shift-Dir - straight line, f/p - Sigmund
Aim: Sigmund, wielding a +0 scythe and wearing a +0 robe (moderately wounded, 77% to hit)
The blast of sand hits Sigmund.
Sigmund is moderately wounded.
Sigmund casts a spell at you.
You are confused.
You're too confused to cast spells.
Sorry, you're not good enough to have a special ability.
Unknown command.
You start resting.
Sigmund is nearby!
You barely miss Sigmund.
Sigmund is moderately wounded.
Sigmund gestures wildly while chanting.
Sigmund flickers and vanishes!
Deactivating autopickup; reactivate with Ctrl-A.
You closely miss something. Something hits you!
You miss something.
You hear some strange, mumbled words.
A puff of flame appears from out of thin air!
The puff of flame hits you!
You bump into the rock wall.
You feel less confused. Something hits you but does no damage.
You see here 7 silver boomerangs.
You hear some strange, mumbled words.
You are confused.
You're too confused to move!
You bump into the rock wall.
Something hits you!
* * * LOW HITPOINT WARNING * * *
You hear some strange, mumbled words.
You are more confused.
You're too confused to move!
A magic dart appears from out of thin air!
The magic dart hits you but does no damage.
It was a potion of degeneration.
There was something very wrong with that liquid.
You feel weakened.
You feel dopey.
You feel clumsy. Something hits you!
You die...

#....#####))#..#
##.##.
#...........#..#
#....
#.##.####...#..#
##### #.##.#
#...#..# #.##.#
#...#..#
#.##.####...#..#
#.##......#.#..#
#. ########.#..#
#.# #.@...#..###
... #.###......#
#.###{# ##.#.#.#
w@.#w# ##†..#.#
#.#.# #......#
#...# #.#..###
##### #.#..#
#.#..# #.##>#


You could see a worm.

Vanquished Creatures
  Natasha (D:2)
  A gnoll (D:1)
  An adder (D:2)
  A worm (D:2)
  4 orcs (D:2)
  3 endoplasms
  2 giant cockroaches (D:1)
  6 goblins
  4 hobgoblins
  3 quokkas (D:2)
  3 ball pythons (D:1)
  4 bats
  A frilled lizard (D:2)
  5 kobolds
  4 rats (D:1)
43 creatures vanquished.

Notes
Turn   | Place    | Note
-------+----------+-------------------------------------------
     0 | D:1      | loralnil the Draconian Earth Elementalist began the quest
                  | for the Orb.
     0 | D:1      | Reached XP level 1. HP: 14/14 MP: 3/3
   504 | D:1      | Reached XP level 2. HP: 20/20 MP: 5/5
  1010 | D:1      | Reached XP level 3. HP: 20/26 MP: 2/6
  1227 | D:1      | Learned a level 2 spell: Passwall
  1231 | D:1      | Learned a level 3 spell: Stone Arrow
  1801 | D:2      | Reached skill level 1 in Conjurations
  2089 | D:2      | Noticed Natasha
  2110 | D:2      | HP: 1/26 [Natasha (4)]
  2112 | D:2      | Killed Natasha
  2113 | D:2      | Reached XP level 4. HP: 1/33 MP: 0/8
  2527 | D:2      | Noticed Sigmund
  2546 | D:2      | Slain by Sigmund

Illustrated notes

Levels and vault maps discovered:
D:1:      dpeg_arrival_round_c, layout_loops_corners, serial_bayou_pond_b,
          minmay_misc_feat_hallway, kennysheep_minor_cross
D:2:      layout_basic, uniq_sigmund, uniq_natasha

Skill      XL: |  1  2  3 |
---------------+----------+-----
Stealth        | 2 |  2.0
Dodging        | 2 |  2.0
Conjurations   | 1 |  1.8
Spellcasting   | |  2.8
Transmutations | |  1.3
Earth Magic    | |  3.7

Action                   |  1- 3 |  4- 6 || total
-------------------------+-------+-------++-------
Melee: Dagger            |    91 |     6 ||    97
       Tailslap          |    11 |       ||    11
 Cast: Sandblast         |    30 |    12 ||    42
  Use: Potion            |       |     1 ||     1
 Stab: Sleeping          |     5 |       ||     5
Armor: Skin              |    24 |     4 ||    28
Dodge: Dodged            |    62 |     6 ||    68
